Map: Apotheosis LE

Players

PmM - Winner!

  • Race: Terran Terran
  • League: Gold

Chayla

  • Race: Protoss Protoss
  • League: Gold

VOD

Have the link to the VOD?

Description

Time

  • Played on: July 14, 2016, 3:49 p.m.
  • Length: 23:27
Show
View Real Time Build Order
Export as new Build Order

PmM Terran - Winner!

Build Orders: Reaper Expand, MMM Bio 

Get SALT Encoding   

  12  0:00  SCV  
  14  0:14  SCV  
  14  0:17  Supply Depot  
  14  0:26  SCV  
  15  0:39  SCV  
  15  0:42  Barracks  
  16  0:47  Refinery  
  16  0:51  SCV  
  17  1:03  SCV  
  18  1:15  SCV  
  19  1:28  Orbital Command  
  19  1:31  Reaper  
  20  1:49  Command Center  
  20  1:54  Supply Depot  
  20  1:55  SCV  
  21  2:08  Barracks Reactor  
  21  2:13  Refinery  
  21  2:14  SCV  
  22  2:28  SCV  
  23  2:41  SCV  
  24  2:53  SCV  
  25  3:01  Marine x2  
  25  3:05  SCV  
  28  3:06  Barracks  
  28  3:08  Barracks  
  28  3:17  SCV  
  29  3:20  Supply Depot  
  29  3:22  Supply Depot, Marine  
  29  3:23  Marine  
  31  3:29  SCV  
  31  3:32  Orbital Command  
  32  3:41  SCV  
  32  3:47  Marine x2  
  35  3:53  Barracks Tech Lab  
  35  3:55  Barracks Tech Lab  
  35  4:05  Marine x2  
  37  4:14  Stimpack, Combat Shields  
  37  4:15  Marauder  
  37  4:16  Marauder  
  41  4:23  Factory  
  41  4:33  Marine x2, Refinery  
  41  4:35  Refinery  
  41  4:38  SCV x2  
  45  4:42  Supply Depot  
  45  4:43  Supply Depot  
  45  4:45  Engineering Bay  
  45  4:48  Marauder x2  
  45  4:50  SCV x2  
  45  4:51  Marine x2  
  53  5:02  SCV x2  
  55  5:07  Supply Depot  
  55  5:09  Marine  
  55  5:14  SCV x2  
  55  5:17  Factory Tech Lab  
  55  5:18  Marine x2  
  55  5:20  Factory Reactor  
  59  5:27  Starport  
  59  5:29  Supply Depot  
  59  5:30  SCV x2  
  59  5:35  Supply Depot  
  61  5:36  Marine x2  
  61  5:38  Marine  
  64  5:48  SCV x2  
  66  5:58  Concussive Shells  
  66  6:00  Marauder, SCV x2  
  70  6:09  Marine x2  
  70  6:10  Marauder  
  74  6:12  SCV x2  
  74  6:16  Terran Infantry Weapons Level 1  
  76  6:20  Engineering Bay  
  76  6:23  Armory  
  76  6:24  SCV x2  
  78  6:30  Medivac x2  
  78  6:31  Widow Mine  
  84  6:36  Marine, SCV  
  84  6:37  Marine, SCV  
  84  6:39  Marauder  
  90  6:49  SCV x2  
  92  7:01  SCV  
  89  7:13  Widow Mine  
  89  7:15  Medivac x2  
  97  7:16  Marine x2, Marauder x2  
  97  7:19  SCV  
  97  7:20  Terran Infantry Armor Level 1  
  102  7:24  SCV  
  102  7:25  Supply Depot  
  102  7:27  Supply Depot x2  
  102  7:28  Terran Vehicle And Ship Armor Level 1  
  103  7:34  Marine x2  
  107  7:37  Marine, Marauder  
  107  7:40  Liberator  
  108  7:51  Command Center  
  108  7:52  Marine x2  
  108  7:55  Marauder, SCV x2  
  119  7:58  Marauder  
  119  7:59  Widow Mine  
  121  8:07  SCV x2  
  121  8:09  Marine  
  124  8:14  Terran Infantry Weapons Level 2  
  124  8:19  SCV  
  119  8:20  SCV  
  73  9:13  SCV x3  
  73  9:14  Marine  
  77  9:17  Medivac  
  77  9:18  Medivac  
  81  9:25  SCV  
  81  9:30  Liberator  
  82  9:32  Marine  
  86  9:57  Marine x2  
  86  9:58  Marauder x2  
  92  10:15  Marine x2  
  92  10:20  Marauder x2  
  98  10:25  SCV x2  
  98  10:27  Orbital Command  
  100  10:33  Marine x2  
  102  10:41  Marine, Marauder  
  105  10:51  Marine x2  
  107  10:59  Marauder  
  107  11:02  Marauder  
  108  11:16  Marine x2  
  110  11:20  Marauder  
  110  11:24  Marauder  
  114  11:34  Marine x2  
  106  11:42  Marauder  
  106  11:45  Marauder  
  110  11:51  Marine  
  110  11:52  Marine  
  101  12:03  Marauder  
  101  12:06  Marine, Widow Mine  
  106  12:09  Marine x2  
  108  12:16  Missile Turret  
  108  12:22  Missile Turret, SCV x2  
  111  12:24  Marauder x2  
  111  12:27  Marine x2  
  111  12:29  Terran Infantry Weapons Level 3  
  117  12:32  Barracks  
  117  12:34  Widow Mine  
  119  12:37  SCV x2  
  120  12:45  Marine x2  
  120  12:46  Marauder x2  
  124  13:03  Marine x2  
  125  13:07  Marine, Marauder  
  125  13:08  SCV x2  
  125  13:09  SCV  
  131  13:20  Marine, SCV  
  131  13:21  Marine, Liberator  
  131  13:22  Liberator  
  131  13:25  Marauder  
  136  13:28  Marauder  
  136  13:29  Refinery  
  136  13:30  Refinery  
  138  13:38  Marine x2  
  146  13:46  Marauder  
  148  13:50  Marauder  
  150  13:56  Marine x2  
  150  14:01  Barracks Tech Lab  
  152  14:08  Marauder  
  154  14:11  Marauder  
  154  14:12  Liberator x2  
  154  14:14  Marine  
  157  14:27  Command Center  
  157  14:29  Marine x2  
  165  14:32  Marine  
  165  14:33  Marauder  
  168  14:47  Marine, Marauder  
  168  14:49  Marine  
  172  15:00  Marine  
  172  15:06  Marine  
  176  15:07  Marine, Marauder  
  176  15:09  Supply Depot, Marauder  
  176  15:12  Supply Depot, Medivac x2  
  173  15:18  Marauder  
  175  15:24  Marine  
  178  15:28  Marauder  
  178  15:30  Marauder  
  177  15:42  Medivac x2  
  174  15:55  Marine x2  
  174  15:56  Marine, Marauder x2  
  179  16:13  Marine x2  
  179  16:14  Marauder  
  179  16:17  Marauder  
  179  16:18  Marauder  
  123  16:31  Marine x2  
  125  16:35  Marauder  
  125  16:38  Marine x2  
  129  16:43  Orbital Command, Command Center  
  129  16:48  SCV x2  
  129  16:49  Marine x2, SCV  
  134  16:56  Marauder  
  134  16:57  Marauder x2  
  140  17:06  Marine  
  140  17:07  Marine  
  142  17:18  Marine, Marauder x2  
  147  17:24  Marine x2  
  149  17:36  Marauder  
  151  17:39  Marine  
  151  17:40  Marauder  
  151  17:42  Marine x2  
  123  17:57  Marauder x2  
  127  18:00  Marine x2  
  127  18:01  Marauder  
  127  18:03  Barracks  
  127  18:05  Barracks  
  131  18:07  Barracks  
  131  18:10  Viking x2  
  133  18:18  Marine x3, Marauder  
  130  18:22  Marauder  
  109  18:35  Marine  
  109  18:36  Marine x2  
  109  18:40  Marauder, Viking x2  
  116  18:44  Marauder  
  115  18:53  Marine  
  115  18:54  Marine, Marauder  
  115  19:01  Marauder  
  114  19:05  Marauder  
  162  19:10  Viking x2  
  113  19:11  Marine x2  
  113  19:16  Marauder  
  111  19:23  Marauder  
  107  19:26  Marauder  
  107  19:29  Marine x2  
  111  19:37  Marine  
  112  19:39  Viking  
  112  19:42  Refinery  
  112  19:44  Marauder  
  116  19:47  Marine x2  
  116  19:48  Command Center, Marauder  
  116  19:49  Command Center, SCV x2  
  116  19:51  Liberator  
  116  19:52  Liberator  
  122  19:55  Marauder  
  122  19:58  SCV  
  125  20:01  Barracks Tech Lab  
  125  20:03  Barracks Reactor  
  125  20:05  Marine x3  
  128  20:09  Barracks Reactor, Marauder  
  136  20:16  Marauder  
  136  20:18  Terran Infantry Armor Level 2  
  136  20:21  Terran Ship Weapons Level 1  
  138  20:22  Marine  
  138  20:23  Marine, Marauder  
  142  20:31  Refinery, Marauder  
  142  20:34  Liberator  
  142  20:35  Liberator  
  144  20:38  Marauder  
  144  20:40  Marine x2  
  148  20:44  Marine  
  149  20:50  Marine  
  149  20:51  Marine x4, Marauder  
  162  20:58  Marine x2  
  162  20:59  Marauder  
  162  21:02  Marauder  
  168  21:08  Marine x2  
  168  21:09  Marine x3  
  169  21:13  Marauder  
  169  21:16  Marine x2  
  169  21:17  Liberator  
  169  21:18  Liberator  
  172  21:20  Marine  
  172  21:24  Marauder  
  171  21:26  Marine  
  171  21:28  Marauder  
  162  21:34  Marauder  
  162  21:38  Marauder  
  157  21:45  Marauder  
  157  21:46  Marine x2  
  157  21:47  Marine x4  
  141  21:49  Marauder  
  145  21:55  Marauder  
  145  22:00  Marauder  
  149  22:04  Marine x3  
  149  22:05  Marine  
  149  22:07  Marauder  
  153  22:10  Marauder  
  153  22:14  Marine x2  
  157  22:17  Marauder  
  157  22:21  Marauder  
  157  22:22  Marine x4  
  163  22:28  Marauder  
  167  22:32  Marine x2, Marauder  
  171  22:38  Marauder  
  171  22:40  Marine x3  
  171  22:42  Marauder  
  172  22:49  Marauder  
  168  22:53  Marauder  
  168  22:55  Marine x3  
  168  22:57  Marine x2  
  159  23:00  Marauder  
  159  23:04  Marauder  
Show
View Real Time Build Order
Export as new Build Order

Chayla Protoss 

Build Orders: 1 Gate Expand 

Get SALT Encoding   

  12  0:02  Probe (Chrono Boost)  
  13  0:12  Probe (Chrono Boost)  
  14  0:23  Probe (Chrono Boost)  
  14  0:25  Pylon  
  15  0:43  Probe (Chrono Boost)  
  15  0:45  Gateway  
  15  0:47  Assimilator  
  16  0:53  Probe (Chrono Boost)  
  17  1:16  Nexus  
  17  1:19  Probe (Chrono Boost)  
  18  1:30  Probe (Chrono Boost)  
  19  1:40  Cybernetics Core  
  19  1:41  Probe (Chrono Boost)  
  20  1:48  Assimilator  
  20  1:57  Pylon  
  20  2:05  Probe (Chrono Boost)  
  22  2:15  Probe (Chrono Boost)  
  22  2:23  Warp Gate  
  22  2:27  Mothership Core (Chrono Boost)  
  24  2:33  Adept  
  24  2:34  Probe (Chrono Boost)  
  26  2:58  Probe (Chrono Boost)  
  27  2:59  Probe (Chrono Boost)  
  28  3:06  Pylon  
  28  3:09  Adept  
  28  3:10  Probe (Chrono Boost)  
  29  3:19  Twilight Council  
  31  3:20  Forge  
  31  3:26  Robotics Facility  
  31  3:33  Probe (Chrono Boost)  
  33  3:34  Probe (Chrono Boost)  
  33  3:43  Probe (Chrono Boost), Protoss Ground Weapons Level 1  
  33  3:44  Resonating Glaives  
  33  3:46  Probe (Chrono Boost)  
  35  3:55  Probe (Chrono Boost)  
  36  4:03  Pylon  
  36  4:07  Gateway  
  36  4:12  Gateway  
  36  4:20  Probe x2 (Chrono Boost)  
  38  4:27  Warp Prism  
  42  4:32  Probe x2 (Chrono Boost)  
  42  4:44  Probe (Chrono Boost)  
  43  4:49  Probe (Chrono Boost)  
  43  4:51  Assimilator  
  44  4:54  Assimilator  
  44  4:56  Probe (Chrono Boost)  
  46  5:01  Adept, Pylon, Probe (Chrono Boost)  
  48  5:18  Observer  
  49  5:24  Adept  
  51  5:33  Protoss Ground Armor Level 1  
  51  5:35  Stargate  
  51  5:37  Gateway  
  51  5:47  Immortal  
  55  5:51  Nexus, Pylon  
  55  5:53  Probe x2 (Chrono Boost)  
  55  5:54  Pylon  
  57  5:59  Adept  
  57  6:00  Adept x2  
  65  6:05  Probe x2 (Chrono Boost)  
  65  6:15  Photon Cannon  
  65  6:21  Photon Cannon, Oracle  
  68  6:27  Adept  
  68  6:31  Adept  
  68  6:32  Adept  
  74  6:40  Immortal  
  76  7:07  Probe x2 (Chrono Boost)  
  78  7:17  Probe (Chrono Boost)  
  78  7:19  Probe x2 (Chrono Boost)  
  81  7:25  Gateway  
  81  7:27  Probe (Chrono Boost)  
  83  7:31  Pylon, Probe x2 (Chrono Boost)  
  83  7:34  Pylon  
  83  7:35  Immortal  
  88  7:38  Pylon  
  88  7:39  Adept x4  
  96  7:50  Gateway  
  96  7:56  Gateway  
  96  7:57  Gateway  
  96  8:23  Adept  
  96  8:24  Adept x3  
  78  8:53  Adept x4  
  76  8:58  Phoenix  
  78  9:05  Probe (Chrono Boost)  
  78  9:07  Probe x2 (Chrono Boost)  
  81  9:17  Protoss Ground Armor Level 2  
  81  9:18  Blink  
  81  9:19  Probe (Chrono Boost)  
  81  9:20  Assimilator  
  81  9:22  Assimilator  
  81  9:23  Phoenix  
  84  9:40  Nexus  
  84  9:41  Pylon  
  84  9:42  Templar Archives  
  84  9:44  Pylon  
  84  9:45  Gateway  
  84  9:46  Adept x5, Gateway  
  84  9:47  Adept x3  
  84  9:51  Immortal  
  104  9:56  Robotics Bay  
  104  10:02  Phoenix  
  106  10:27  Phoenix  
  108  10:30  Immortal  
  112  11:02  Stalker x2  
  112  11:03  Stalker x5  
  112  11:04  Stalker  
  128  11:14  Extended Thermal Lance  
  128  11:16  Colossus  
  122  12:01  Stalker  
  122  12:02  Stalker x5  
  122  12:03  Stalker  
  122  12:07  Nexus  
  136  12:14  Pylon  
  136  12:18  Pylon x2  
  136  12:24  Pylon  
  136  12:27  Pylon  
  136  12:32  Colossus  
  136  12:33  Photon Cannon  
  136  12:37  Photon Cannon  
  142  12:38  Pylon  
  141  12:54  Gravitic Drive  
  141  13:05  Protoss Ground Armor Level 3  
  141  13:12  Charge  
  141  13:13  High Templar x2  
  141  13:14  High Templar x2  
  141  13:15  High Templar x2  
  141  13:16  High Templar x2  
  141  13:18  Archon  
  141  13:19  Archon x2  
  157  13:20  Archon  
  157  13:26  Observer  
  158  13:46  Photon Cannon  
  158  13:47  Photon Cannon  
  158  13:51  Observer Gravitic Boosters  
  158  14:00  Assimilator  
  158  14:04  Assimilator  
  158  14:12  Stalker x4  
  158  14:13  Stalker x3  
  172  14:41  Colossus  
  178  14:48  Robotics Facility  
  178  14:57  Psionic Storm  
  178  15:24  Protoss Ground Weapons Level 2  
  178  15:34  Adept x2  
  178  15:35  Adept, Colossus  
  136  16:24  Stalker x4  
  136  16:25  Stalker x3  
  90  16:26  Stalker x3  
  98  16:34  Colossus x2  
  110  16:52  Stalker x3  
  110  16:53  Stalker x4  
  124  16:54  Stalker x3  
  120  17:20  Protoss Ground Weapons Level 3  
  120  17:28  Nexus  
  120  17:29  Pylon  
  120  17:31  Pylon  
  120  17:34  Pylon  
  120  17:35  Observer x2  
  122  17:38  Pylon  
  92  17:54  Stalker x3  
  92  17:55  Stalker x4  
  92  17:56  Stalker x3  
  98  18:27  Colossus x2  
  76  18:40  Stalker x3  
  76  18:41  Stalker  
  82  18:44  Zealot  
  82  18:45  Zealot x4  
  82  18:46  Zealot  
  74  19:11  Stalker x4  
  74  19:12  Stalker x3  
  86  19:20  Colossus x2  
  98  19:43  Protoss Shields Level 1  
  98  19:46  Photon Cannon  
  98  19:48  Photon Cannon  
  98  20:07  Stalker  
  98  20:08  Stalker x5  
  110  20:22  Immortal  
  110  20:24  Immortal  
  118  20:54  Dark Shrine  
  118  21:01  Stalker x3  
  118  21:02  Stalker x3  
  87  21:44  Stalker  
  87  21:45  Stalker x4  
  87  21:46  Stalker  
  45  22:23  Dark Templar x5  
  49  22:38  Stalker  
  20  23:11  Dark Templar x3  
Tags
 
Add a new tag
Caveats
  • Supply blocks, unpowered buildings, or Contaminate may cause inaccurate times.
  • Supply counts are checked every 10 seconds.